Patriotes vs Wiprows
Created - 5 février 2015 at 19:28
Goals
|
| Patriotes |
2 |
2 |
3 |
7 |
| Wiprows |
2 |
1 |
0 |
3 |
|
Shots
|
| Patriotes |
15 |
14 |
13 |
42 |
| Wiprows |
10 |
14 |
4 |
28 |
|
1st period
1. Patriotes , Andreas Nodl 25 (Tomas Kurka, Patrice Cormier) at 2:59
2. Wiprows , Matt Beleskey 12 (Maxime Macenauer, Thomas Hickey) at 7:33
3. Patriotes , Tomas Kurka 13 (Andreas Nodl, Zenon Konopka) at 15:08 (PP)
4. Wiprows , T.J. Oshie 31 (Nazem Kadri) at 15:12
Penalties :
Andreas Nodl (Nyc) for Roughing (Minor) at 8:38, Linden Vey (Win) for Holding (Minor) at 14:53, Tomas Kurka (Nyc) for Delaying the game (Minor) at 15:39
2nd period
5. Patriotes , Andreas Nodl 26 (Zenon Konopka, Tomas Kurka) at 0:23 (PP)
6. Wiprows , Nazem Kadri 24 (Jiri Tlusty, T.J. Oshie) at 3:31
7. Patriotes , Andrew Gordon 15 (Zenon Konopka, Tomas Kurka) at 9:54 (SH)
Penalties :
Jiri Tlusty (Win) for Cross-checking (Minor) at 0:11, Zenon Konopka (Nyc) for Hooking (Minor) at 0:44, Ryan Wilson (Nyc) for Tripping (Minor) at 8:49, Brandon Bollig (Win) for Unsportsmanlike conduct (Major / Game Misconduct) at 13:22, Kevin Connauton (Win) for Roughing (Minor) at 18:43
3rd period
8. Patriotes , Zenon Konopka 26 (Tomas Kurka, Andreas Nodl) at 4:27 (PP)
9. Patriotes , Zenon Konopka 27 (Nigel Williams, Joey MacDonald) at 15:07
10. Patriotes , Zack Stortini 3 (Christian Hanson, Ryan Wilson) at 16:03
Penalties :
Matt Taormina (Win) for Holding (Minor) at 1:52, Arturs Kulda (Win) for Holding (Minor) at 4:16, Brett Skinner (Nyc) for Roughing (Minor) at 13:01, Nazem Kadri (Win) for Fighting (Major) at 17:34, Zenon Konopka (Nyc) for Fighting (Major) at 17:34
Goalie Stats
Joey MacDonald (Nyc), 25 saves from 28 shots - (0,893), W, 24-17-3, 60:00 minutes
Braden Holtby (Win), 35 saves from 42 shots - (0,833), L, 14-18-2, 60:00 minutes
Players Stats for Patriotes
Player Name G A P +/- PIM S H SB GA TA FO MP PP MP PK MP
------------------------------------------------------------------------------------
A.J Thelen 0 0 0 -2 0 2 0 1 0 2 0/0 27:37 5:15 5:47
Andreas Nodl 2 2 4 0 2 7 2 0 1 0 0/0 22:39 4:39 4:19
Andrew Gordon 1 0 1 1 0 6 1 0 1 0 1/2 19:12 3:48 2:53
Brett Skinner 0 0 0 -2 2 4 2 2 0 0 0/0 26:33 5:15 4:41
Christian Hanson 0 1 1 0 0 2 1 0 1 0 6/8 12:08 1:06 1:47
Cory Emmerton 0 0 0 1 0 1 0 0 0 0 5/13 15:20 3:48 0:00
Fedor Fedorov 0 0 0 1 0 1 2 0 0 0 0/0 15:20 3:48 0:00
Jared Staal 0 0 0 0 0 0 0 0 0 0 0/0 0:00 0:00 0:00
Joakim Andersson 0 0 0 0 0 0 0 0 0 0 0/0 0:00 0:00 0:00
Joe Charlebois 0 0 0 0 0 0 1 1 0 1 0/0 20:32 3:55 4:08
Jordan Samuels-Thomas 0 0 0 1 0 2 0 0 0 0 0/0 9:04 0:23 1:49
Lauri Tukonen 0 0 0 -1 0 3 1 0 0 0 1/1 9:34 0:58 0:00
Liam Reddox 0 0 0 -1 0 1 0 0 0 0 0/0 7:53 0:00 0:00
Mathieu Brodeur 0 0 0 0 0 0 0 0 0 0 0/0 3:10 0:00 0:00
Nigel Williams 0 1 1 0 0 0 0 0 0 0 0/0 3:33 0:00 0:20
Patrice Cormier 0 1 1 -1 0 3 0 0 1 1 2/4 8:53 0:13 2:30
Ryan White 0 0 0 0 0 0 0 0 0 0 0/0 0:00 0:00 0:00
Ryan Wilson 0 1 1 -1 2 1 2 0 0 2 0/0 19:49 3:55 3:29
Sami Vatanen 0 0 0 4 0 0 0 0 1 0 0/0 10:14 0:25 1:25
Timothy Kunes 0 0 0 3 0 1 0 0 0 0 0/0 8:41 0:25 0:00
Tomas Kurka 1 4 5 0 2 5 3 1 2 0 3/8 23:08 4:39 4:34
Zack Stortini 1 0 1 1 0 1 1 0 0 0 0/0 6:59 0:49 0:00
Zenon Konopka 2 3 5 0 7 2 2 0 0 1 17/37 19:40 4:34 1:58
Players Stats for Wiprows
Player Name G A P +/- PIM S H SB GA TA FO MP PP MP PK MP
------------------------------------------------------------------------------------
Alec Martinez 0 0 0 -1 0 2 0 3 0 0 0/0 19:08 0:00 4:49
Arturs Kulda 0 0 0 -1 2 1 0 2 0 1 0/0 18:23 0:00 4:05
Brandon Bollig 0 0 0 0 15 0 2 1 0 0 0/1 6:32 0:00 0:27
Drayson Bowman 0 0 0 -1 0 1 5 0 0 0 1/2 15:42 4:03 3:08
Jesse Winchester 0 0 0 0 0 0 1 1 0 0 5/12 11:27 0:00 4:04
Jiri Tlusty 0 1 1 1 2 0 4 2 1 0 2/2 21:09 5:44 1:00
Jonathan Tremblay 0 0 0 0 0 1 0 2 0 1 0/0 11:37 0:00 4:14
Jordan Szwarz 0 0 0 0 0 0 0 0 0 0 0/0 7:52 0:11 0:00
Kevin Connauton 0 0 0 0 2 1 0 0 1 1 0/0 14:50 3:55 0:12
Linden Vey 0 0 0 -2 2 0 1 0 0 1 0/1 15:14 4:00 0:00
Matt Beleskey 1 0 1 0 0 1 1 0 0 0 0/0 8:35 0:08 0:46
Matt Donovan 0 0 0 0 0 1 2 1 0 0 0/0 26:25 6:00 4:35
Matt Taormina 0 0 0 0 2 4 6 1 2 2 0/0 25:09 6:00 3:12
Maxime Macenauer 0 1 1 0 0 1 1 0 0 0 3/7 8:14 0:00 0:33
Nazem Kadri 1 1 2 0 5 4 0 1 1 0 13/28 23:20 5:52 1:43
Nick Bonino 0 0 0 -2 0 1 1 0 1 0 13/18 19:49 4:03 3:15
T.J. Oshie 1 1 2 1 0 6 0 2 1 0 1/2 20:19 5:44 0:00
Thomas Hickey 0 1 1 0 0 4 0 1 0 1 0/0 16:33 3:55 2:17
3 Stars
1 - Tomas Kurka (Nyc)
2 - Andreas Nodl (Nyc)
3 - Zenon Konopka (Nyc)
Power Play
Patriotes - 3 on 6 Attempt(s) - 50,00%
Wiprows - 0 on 5 Attempt(s) - 0,00%
Penalty Kill
Patriotes - 5 on 5 Attempt(s) - 100,00%
- Score 1 goal in Penalty Kill
Wiprows - 3 on 6 Attempt(s) - 50,00%
- Score 0 goal in Penalty Kill
Team Stat
Patriotes - Hits : 18 - Faceoff Wins : 35 - Blocked Shots : 5 - Penalty Minutes : 15
Wiprows - Hits : 24 - Faceoff Wins : 38 - Blocked Shots : 17 - Penalty Minutes : 30
Official
Referees : Hebert Ghislain and Lee Chris
Linesman : Mark Wheler and Shane Heyer
Game Notes
Brandon Bollig ejected from game at 13:22 of 2nd period
Patrice Cormier is injured at 9:00 of 3rd period (Herniated Disc)
Zenon Konopka beats up Nazem Kadri at 17:34 of 3rd period
Finance
Level 1 -- Attendance: 1370 (68,50%) -- Ticket Income 38 360 $
Level 2 -- Attendance: 703 (70,30%) -- Ticket Income 11 248 $
Total Attendance: 2073 (69,10%)
Total Ticket Income: 49 608 $
Other Income: 2 480 $
Total Income: 52 088 $
Patriotes
5 vs 5 Forward
Center Left Wing Right Wing Time % Phy DF OF
1 Zenon Konopka Tomas Kurka Andreas Nodl 40 1 2 2
2 Cory Emmerton Fedor Fedorov Andrew Gordon 30 1 2 2
3 Christian Hanson Liam Reddox Lauri Tukonen 20 1 2 2
4 Patrice Cormier Jordan Samuels-Thomas Zack Stortini 10 1 2 2
5 vs 5 Defense
Defense Defense Time % Phy DF OF
1 A.J Thelen Brett Skinner 40 1 2 2
2 Ryan Wilson Joe Charlebois 30 1 2 2
3 Timothy Kunes Sami Vatanen 20 1 2 2
4 Nigel Williams Mathieu Brodeur 10 1 2 2
PowerPlay Forward
Center Left Wing Right Wing Time % Phy DF OF
1 Zenon Konopka Tomas Kurka Andreas Nodl 60 1 2 2
2 Cory Emmerton Fedor Fedorov Andrew Gordon 40 1 2 2
PowerPlay Defense
Defense Defense Time % Phy DF OF
1 A.J Thelen Brett Skinner 60 1 2 2
2 Ryan Wilson Joe Charlebois 40 1 2 2
Penalty Kill 4 Players Forward
Center Wing Time % Phy DF OF
1 Tomas Kurka Andreas Nodl 60 1 2 2
2 Andrew Gordon Zenon Konopka 40 1 2 2
Penalty Kill 4 Players Defense
Defense Defense Time % Phy DF OF
1 A.J Thelen Brett Skinner 60 1 2 2
2 Ryan Wilson Joe Charlebois 40 1 2 2
Penalty Kill - 3 Players Forward
Forward Time % Phy DF OF
1 Tomas Kurka 60 1 2 2
2 Andreas Nodl 40 1 2 2
Penalty Kill - 3 Players Defense
Defense Defense Time % Phy DF OF
1 A.J Thelen Brett Skinner 60 1 2 2
2 Ryan Wilson Joe Charlebois 40 1 2 2
4 vs 4 Forward
Center Wing Time % Phy DF OF
1 Tomas Kurka Andreas Nodl 60 1 2 2
2 Andrew Gordon Zenon Konopka 40 1 2 2
4 vs 4 Defense
Defense Defense Time % Phy DF OF
1 A.J Thelen Brett Skinner 60 1 2 2
2 Ryan Wilson Joe Charlebois 40 1 2 2
Last Minutes Offensive
Center Left Wing Right Wing Defense Defense
Zenon Konopka Tomas Kurka Andreas Nodl A.J Thelen Brett Skinner
Last Minutes Defensive
Center Left Wing Right Wing Defense Defense
Zenon Konopka Tomas Kurka Andreas Nodl A.J Thelen Brett Skinner
Goaltenders
Starting : Joey MacDonald
Backup : Jason Missiaen
Extra Forwards
Normal : Christian Hanson, Lauri Tukonen, Patrice Cormier - PP : Christian Hanson, Lauri Tukonen - PK : Patrice Cormier
Extra Defensemen
Normal : Timothy Kunes, Sami Vatanen, Nigel Williams - PP : Timothy Kunes - PK : Sami Vatanen, Nigel Williams
Penalty Shots
Tomas Kurka, Andreas Nodl, Andrew Gordon, Zenon Konopka, Cory Emmerton
Wiprows
5 vs 5 Forward
Center Left Wing Right Wing Time % Phy DF OF
1 Nazem Kadri Jiri Tlusty T.J. Oshie 38 0 0 5
2 Nick Bonino Brandon Bollig Linden Vey 30 1 1 3
3 Jesse Winchester Drayson Bowman Jonathan Tremblay 20 1 2 2
4 Maxime Macenauer Matt Beleskey Jordan Szwarz 12 2 1 2
5 vs 5 Defense
Defense Defense Time % Phy DF OF
1 Matt Taormina Matt Donovan 37 1 1 3
2 Alec Martinez Arturs Kulda 35 2 2 1
3 Thomas Hickey Kevin Connauton 26 1 2 2
4 Matt Donovan Matt Taormina 2 1 1 3
PowerPlay Forward
Center Left Wing Right Wing Time % Phy DF OF
1 Nazem Kadri Jiri Tlusty T.J. Oshie 55 0 0 5
2 Nick Bonino Drayson Bowman Linden Vey 45 0 0 5
PowerPlay Defense
Defense Defense Time % Phy DF OF
1 Matt Taormina Matt Donovan 55 0 1 4
2 Thomas Hickey Kevin Connauton 45 0 1 4
Penalty Kill 4 Players Forward
Center Wing Time % Phy DF OF
1 Jesse Winchester Brandon Bollig 53 0 5 0
2 Nick Bonino Jonathan Tremblay 47 0 5 0
Penalty Kill 4 Players Defense
Defense Defense Time % Phy DF OF
1 Arturs Kulda Alec Martinez 53 0 5 0
2 Matt Donovan Matt Taormina 47 0 5 0
Penalty Kill - 3 Players Forward
Forward Time % Phy DF OF
1 Nick Bonino 55 0 5 0
2 Nazem Kadri 45 0 5 0
Penalty Kill - 3 Players Defense
Defense Defense Time % Phy DF OF
1 Arturs Kulda Alec Martinez 60 0 5 0
2 Matt Donovan Matt Taormina 40 0 5 0
4 vs 4 Forward
Center Wing Time % Phy DF OF
1 Nazem Kadri T.J. Oshie 54 1 2 2
2 Nick Bonino Jiri Tlusty 46 1 2 2
4 vs 4 Defense
Defense Defense Time % Phy DF OF
1 Matt Taormina Alec Martinez 60 1 2 2
2 Matt Donovan Arturs Kulda 40 1 2 2
Last Minutes Offensive
Center Left Wing Right Wing Defense Defense
Nazem Kadri Nick Bonino Jiri Tlusty Thomas Hickey Matt Taormina
Last Minutes Defensive
Center Left Wing Right Wing Defense Defense
Jesse Winchester Brandon Bollig Jonathan Tremblay Alec Martinez Arturs Kulda
Goaltenders
Starting : Braden Holtby
Backup : Thomas McCollum
Extra Forwards
Normal : Nazem Kadri, Nick Bonino, T.J. Oshie - PP : Nick Bonino, T.J. Oshie - PK : Jonathan Tremblay
Extra Defensemen
Normal : Matt Taormina, Alec Martinez, Thomas Hickey - PP : Thomas Hickey - PK : Arturs Kulda, Matt Donovan
Penalty Shots
Jiri Tlusty, T.J. Oshie, Nazem Kadri, Brandon Bollig, Nick Bonino
% Time on Ice - Patriotes
Lines # - Real PCT - Wanted PCT - Time Play
Normal Forward
1 - 34% - 40% - 13:56
2 - 31% - 30% - 12:31
3 - 19% - 20% - 7:53
4 - 15% - 10% - 6:10
Normal Defense
1 - 41% - 40% - 16:38
2 - 31% - 30% - 12:36
3 - 20% - 20% - 8:06
4 - 8% - 10% - 3:10
PP Forward
1 - 60% - 60% - 5:47
2 - 40% - 40% - 3:48
PP Defense
1 - 55% - 60% - 5:15
2 - 45% - 40% - 4:20
PK Forward
1 - 71% - 60% - 7:02
2 - 29% - 40% - 2:53
PK Defense
1 - 60% - 60% - 5:55
2 - 40% - 40% - 4:00
PK3 Forward
1 - 0% - 60%
2 - 0% - 40%
PK3 Defense
1 - 0% - 60%
2 - 0% - 40%
44 Forward
1 - 0% - 60%
2 - 0% - 40%
44 Defense
1 - 0% - 60%
2 - 0% - 40%
Last Minute Offensive - 0:00
Last Minute Defensive - 0:00
Total
Forward - 60:00
Defense - 60:00
|
% Time on Ice - Wiprows
Lines # - Real PCT - Wanted PCT - Time Play
Normal Forward
1 - 36% - 38% - 14:34
2 - 28% - 30% - 11:15
3 - 17% - 20% - 7:00
4 - 19% - 12% - 7:41
Normal Defense
1 - 38% - 37% - 15:33
2 - 37% - 35% - 14:49
3 - 24% - 26% - 9:41
4 - 1% - 2% - 0:27
PP Forward
1 - 59% - 55% - 5:52
2 - 41% - 45% - 4:03
PP Defense
1 - 61% - 55% - 6:00
2 - 39% - 45% - 3:55
PK Forward
1 - 66% - 53% - 6:20
2 - 34% - 47% - 3:15
PK Defense
1 - 54% - 53% - 5:11
2 - 46% - 47% - 4:24
PK3 Forward
1 - 0% - 55%
2 - 0% - 45%
PK3 Defense
1 - 0% - 60%
2 - 0% - 40%
44 Forward
1 - 0% - 54%
2 - 0% - 46%
44 Defense
1 - 0% - 60%
2 - 0% - 40%
Last Minute Offensive - 0:00
Last Minute Defensive - 0:00
Total
Forward - 60:00
Defense - 60:00
|
Play by Play
1st period
0:01 of 1st period - Zenon Konopka wins face-off versus T.J. Oshie in neutral zone.
0:04 of 1st period - Snap shot by Andreas Nodl.
0:04 of 1st period - Stopped by Braden Holtby without a rebound.
0:05 of 1st period - Zenon Konopka wins face-off versus Nazem Kadri in Wiprows zone.
0:20 of 1st period - Snap shot by T.J. Oshie.
0:20 of 1st period - Stopped by Joey MacDonald with a rebound.
0:36 of 1st period - Slapshot by A.J Thelen.
0:36 of 1st period - Stopped by Braden Holtby with a rebound.
0:56 of 1st period - Wrist shot by Andrew Gordon.
0:56 of 1st period - Stopped by Braden Holtby with a rebound.
1:12 of 1st period - Jonathan Tremblay is hit by Lauri Tukonen and loses puck.
1:17 of 1st period - Snap shot by Christian Hanson.
1:17 of 1st period - Stopped by Braden Holtby with a rebound.
1:19 of 1st period - Wrist shot by Liam Reddox.
1:19 of 1st period - Shot Misses the Net.
1:21 of 1st period - Slapshot by Lauri Tukonen.
1:21 of 1st period - Stopped by Braden Holtby with a rebound.
1:23 of 1st period - Slapshot by Brett Skinner.
1:23 of 1st period - Deflect By Alec Martinez.
1:23 of 1st period - Stopped by Braden Holtby without a rebound.
1:24 of 1st period - T.J. Oshie wins face-off versus Zenon Konopka in Wiprows zone.
1:24 of 1st period - T.J. Oshie is hit by Ryan Wilson.
1:57 of 1st period - Snap shot by Sami Vatanen.
1:57 of 1st period - Shot Blocked by Thomas Hickey.
2:03 of 1st period - Patrice Cormier is hit by Brandon Bollig and loses puck.
2:27 of 1st period - Wrist shot by Matt Beleskey.
2:27 of 1st period - Shot Misses the Net.
2:57 of 1st period - Wrist shot by Andreas Nodl.
2:57 of 1st period - Stopped by Braden Holtby with a rebound.
2:59 of 1st period - Snap shot by Andreas Nodl.
2:59 of 1st period - Goal by Andreas Nodl - Patriotes : 1 - Wiprows : 0.
3:00 of 1st period - Zenon Konopka wins face-off versus Brandon Bollig in neutral zone.
3:13 of 1st period - Backhand shot by Andreas Nodl.
3:13 of 1st period - Deflect By Tomas Kurka.
3:13 of 1st period - Shot Misses the Net.
3:13 of 1st period - Puck is out of play.
3:14 of 1st period - Christian Hanson wins face-off versus Nazem Kadri in Wiprows zone.
3:46 of 1st period - Snap shot by Jesse Winchester.
3:46 of 1st period - Shot Misses the Net.
3:48 of 1st period - Slapshot by Kevin Connauton.
3:48 of 1st period - Stopped by Joey MacDonald without a rebound.
3:49 of 1st period - Cory Emmerton wins face-off versus Nazem Kadri in Patriotes zone.
4:20 of 1st period - Slapshot by Andreas Nodl.
4:20 of 1st period - Shot Misses the Net.
4:22 of 1st period - Slapshot by Tomas Kurka.
4:22 of 1st period - Stopped by Braden Holtby with a rebound.
4:24 of 1st period - Snap shot by Andreas Nodl.
4:24 of 1st period - Shot Blocked by Brandon Bollig.
4:26 of 1st period - Snap shot by Tomas Kurka.
4:26 of 1st period - Shot Misses the Net.
4:40 of 1st period - Slapshot by Jonathan Tremblay.
4:40 of 1st period - Shot Blocked by A.J Thelen.
4:42 of 1st period - Slapshot by Alec Martinez.
4:42 of 1st period - Shot Misses the Net.
4:44 of 1st period - Slapshot by Drayson Bowman.
4:44 of 1st period - Shot Misses the Net.
4:46 of 1st period - Slapshot by Arturs Kulda.
4:46 of 1st period - Deflect By Drayson Bowman.
4:46 of 1st period - Shot Misses the Net.
4:46 of 1st period - Puck is out of play.
4:47 of 1st period - Zenon Konopka wins face-off versus Nazem Kadri in Patriotes zone.
5:40 of 1st period - Icing by Joe Charlebois.
5:41 of 1st period - Nick Bonino wins face-off versus Cory Emmerton in Patriotes zone.
6:00 of 1st period - Snap shot by Andrew Gordon.
6:00 of 1st period - Shot Misses the Net.
6:02 of 1st period - Wrist shot by Cory Emmerton.
6:02 of 1st period - Stopped by Braden Holtby without a rebound.
6:03 of 1st period - Zenon Konopka wins face-off versus Maxime Macenauer in Wiprows zone.
6:30 of 1st period - Liam Reddox is hit by Drayson Bowman.
6:35 of 1st period - Off-side.
6:36 of 1st period - Nazem Kadri wins face-off versus Zenon Konopka in neutral zone.
6:50 of 1st period - Snap shot by Tomas Kurka.
6:50 of 1st period - Shot Misses the Net.
7:26 of 1st period - A.J Thelen is hit by Maxime Macenauer and loses puck.
7:33 of 1st period - Snap shot by Matt Beleskey.
7:33 of 1st period - Goal by Matt Beleskey - Patriotes : 1 - Wiprows : 1.
7:34 of 1st period - Nazem Kadri wins face-off versus Zenon Konopka in neutral zone.
7:59 of 1st period - Cory Emmerton is hit by Brandon Bollig and loses puck.
8:10 of 1st period - Wrist shot by Nick Bonino.
8:10 of 1st period - Shot Misses the Net.
8:12 of 1st period - Slapshot by Alec Martinez.
8:12 of 1st period - Stopped by Joey MacDonald with a rebound.
8:21 of 1st period - Off-side.
8:22 of 1st period - Maxime Macenauer wins face-off versus Zenon Konopka in neutral zone.
8:29 of 1st period - Wrist shot by Maxime Macenauer.
8:29 of 1st period - Stopped by Joey MacDonald without a rebound.
8:30 of 1st period - Jesse Winchester wins face-off versus Zenon Konopka in Patriotes zone.
8:33 of 1st period - Wrist shot by Jonathan Tremblay.
8:33 of 1st period - Stopped by Joey MacDonald without a rebound.
8:34 of 1st period - Drayson Bowman wins face-off versus Zenon Konopka in Patriotes zone.
8:38 of 1st period - Minor Penalty to Andreas Nodl for Roughing.
8:39 of 1st period - Tomas Kurka wins face-off versus Nazem Kadri in Patriotes zone.
8:50 of 1st period - Snap shot by Tomas Kurka.
8:50 of 1st period - Shot Blocked by Matt Donovan.
9:50 of 1st period - Slapshot by Andrew Gordon.
9:50 of 1st period - Stopped by Braden Holtby without a rebound.
9:51 of 1st period - Nazem Kadri wins face-off versus Andrew Gordon in Wiprows zone.
10:02 of 1st period - Wrist shot by Zenon Konopka.
10:02 of 1st period - Shot Blocked by T.J. Oshie.
10:20 of 1st period - Joe Charlebois is hit by Matt Taormina and loses puck.
10:38 of 1st period - Penalty to Andreas Nodl is over, Andreas Nodl is back on ice.
11:27 of 1st period - Wrist shot by Christian Hanson.
11:27 of 1st period - Shot Hit the Post.
11:29 of 1st period - Slapshot by Fedor Fedorov.
11:29 of 1st period - Shot Misses the Net.
11:31 of 1st period - Slapshot by Andrew Gordon.
11:31 of 1st period - Shot Blocked by Alec Martinez.
11:33 of 1st period - Snap shot by Fedor Fedorov.
11:33 of 1st period - Stopped by Braden Holtby without a rebound.
11:34 of 1st period - Jiri Tlusty wins face-off versus Cory Emmerton in Wiprows zone.
11:34 of 1st period - Jiri Tlusty is hit by Fedor Fedorov.
11:46 of 1st period - Snap shot by Fedor Fedorov.
11:46 of 1st period - Shot Misses the Net.
11:48 of 1st period - Slapshot by A.J Thelen.
11:48 of 1st period - Shot Misses the Net.
13:06 of 1st period - Wrist shot by Alec Martinez.
13:06 of 1st period - Stopped by Joey MacDonald without a rebound.
13:07 of 1st period - Christian Hanson wins face-off versus Nazem Kadri in Patriotes zone.
13:07 of 1st period - Christian Hanson is hit by Jiri Tlusty.
13:17 of 1st period - Slapshot by Brett Skinner.
13:17 of 1st period - Stopped by Braden Holtby with a rebound.
14:42 of 1st period - Snap shot by Andreas Nodl.
14:42 of 1st period - Shot Blocked by Jiri Tlusty.
14:53 of 1st period - Minor Penalty to Linden Vey for Holding.
14:54 of 1st period - Zenon Konopka wins face-off versus Jesse Winchester in Wiprows zone.
15:06 of 1st period - Wrist shot by Andreas Nodl.
15:06 of 1st period - Shot Misses the Net.
15:08 of 1st period - Wrist shot by Tomas Kurka.
15:08 of 1st period - Goal by Tomas Kurka - Patriotes : 2 - Wiprows : 1.
15:09 of 1st period - Nazem Kadri wins face-off versus Zenon Konopka in neutral zone.
15:12 of 1st period - Backhand shot by T.J. Oshie.
15:12 of 1st period - Goal by T.J. Oshie - Patriotes : 2 - Wiprows : 2.
15:13 of 1st period - Nazem Kadri wins face-off versus Zenon Konopka in neutral zone.
15:39 of 1st period - Minor Penalty to Tomas Kurka for Delaying the game.
15:40 of 1st period - Patrice Cormier wins face-off versus Nazem Kadri in Patriotes zone.
15:51 of 1st period - Slapshot by T.J. Oshie.
15:51 of 1st period - Shot Misses the Net.
16:15 of 1st period - Slapshot by Nick Bonino.
16:15 of 1st period - Stopped by Joey MacDonald with a rebound.
16:17 of 1st period - Backhand shot by Matt Taormina.
16:17 of 1st period - Stopped by Joey MacDonald with a rebound.
16:29 of 1st period - Snap shot by Zenon Konopka.
16:29 of 1st period - Shot Misses the Net.
16:31 of 1st period - Slapshot by Brett Skinner.
16:31 of 1st period - Shot Blocked by Jiri Tlusty.
16:33 of 1st period - Slapshot by A.J Thelen.
16:33 of 1st period - Shot Blocked by T.J. Oshie.
16:35 of 1st period - Snap shot by Andrew Gordon.
16:35 of 1st period - Stopped by Braden Holtby with a rebound.
17:07 of 1st period - Matt Taormina is hit by Joe Charlebois and loses puck.
17:34 of 1st period - Joe Charlebois is hit by Matt Beleskey and loses puck.
17:39 of 1st period - Penalty to Tomas Kurka is over, Tomas Kurka is back on ice.
17:45 of 1st period - Joe Charlebois is hit by Matt Taormina and loses puck.
18:06 of 1st period - Wrist shot by Andrew Gordon.
18:06 of 1st period - Shot Blocked by Arturs Kulda.
18:28 of 1st period - Arturs Kulda is hit by Tomas Kurka and loses puck.
18:39 of 1st period - Arturs Kulda is hit by Fedor Fedorov and loses puck.
19:32 of 1st period - Snap shot by Zack Stortini.
19:32 of 1st period - Shot Misses the Net.
Goals for this period are 2 for Patriotes vs 2 for Wiprows.
Shots for this period are 15 for Patriotes vs 10 for Wiprows.
2nd period
0:01 of 2nd period - Nazem Kadri wins face-off versus Zenon Konopka in neutral zone.
0:10 of 2nd period - Wrist shot by T.J. Oshie.
0:10 of 2nd period - Stopped by Joey MacDonald with a rebound.
0:11 of 2nd period - Minor Penalty to Jiri Tlusty for Cross-checking.
0:12 of 2nd period - Zenon Konopka wins face-off versus Jesse Winchester in Wiprows zone.
0:15 of 2nd period - Slapshot by Tomas Kurka.
0:15 of 2nd period - Shot Blocked by Jesse Winchester.
0:17 of 2nd period - Snap shot by Tomas Kurka.
0:17 of 2nd period - Stopped by Braden Holtby without a rebound.
0:18 of 2nd period - Zenon Konopka wins face-off versus Jesse Winchester in Wiprows zone.
0:23 of 2nd period - Snap shot by Andreas Nodl.
0:23 of 2nd period - Goal by Andreas Nodl - Patriotes : 3 - Wiprows : 2.
0:24 of 2nd period - Nazem Kadri wins face-off versus Zenon Konopka in neutral zone.
0:26 of 2nd period - Matt Donovan is hit by Brett Skinner and loses puck.
0:31 of 2nd period - Wrist shot by T.J. Oshie.
0:31 of 2nd period - Stopped by Joey MacDonald without a rebound.
0:32 of 2nd period - Nazem Kadri wins face-off versus Tomas Kurka in Patriotes zone.
0:35 of 2nd period - Snap shot by Nazem Kadri.
0:35 of 2nd period - Stopped by Joey MacDonald with a rebound.
0:44 of 2nd period - Minor Penalty to Zenon Konopka for Hooking.
0:45 of 2nd period - Nazem Kadri wins face-off versus Tomas Kurka in Patriotes zone.
0:45 of 2nd period - Snap shot by T.J. Oshie.
0:45 of 2nd period - Shot Misses the Net.
0:47 of 2nd period - Slapshot by Matt Taormina.
0:47 of 2nd period - Shot Misses the Net.
0:49 of 2nd period - Slapshot by Nazem Kadri.
0:49 of 2nd period - Shot Misses the Net.
0:51 of 2nd period - Slapshot by T.J. Oshie.
0:51 of 2nd period - Shot Misses the Net.
0:53 of 2nd period - Snap shot by Matt Taormina.
0:53 of 2nd period - Stopped by Joey MacDonald with a rebound.
0:55 of 2nd period - Snap shot by Matt Taormina.
0:55 of 2nd period - Shot Misses the Net.
1:09 of 2nd period - Nazem Kadri is hit by Andrew Gordon.
1:30 of 2nd period - Off-side.
1:31 of 2nd period - Nick Bonino wins face-off versus Tomas Kurka in neutral zone.
1:36 of 2nd period - Ryan Wilson is hit by Matt Taormina and loses puck.
1:49 of 2nd period - Snap shot by Andrew Gordon.
1:49 of 2nd period - Stopped by Braden Holtby without a rebound.
1:50 of 2nd period - Andrew Gordon wins face-off versus Nick Bonino in Wiprows zone.
2:15 of 2nd period - Brett Skinner is hit by Matt Taormina and loses puck.
2:44 of 2nd period - Penalty to Zenon Konopka is over, Zenon Konopka is back on ice.
3:01 of 2nd period - Wrist shot by Nazem Kadri.
3:01 of 2nd period - Shot Misses the Net.
3:05 of 2nd period - Snap shot by T.J. Oshie.
3:05 of 2nd period - Shot Misses the Net.
3:07 of 2nd period - Slapshot by Jiri Tlusty.
3:07 of 2nd period - Shot Misses the Net.
3:11 of 2nd period - Backhand shot by Nazem Kadri.
3:11 of 2nd period - Shot Misses the Net.
3:31 of 2nd period - Snap shot by Nazem Kadri.
3:31 of 2nd period - Goal by Nazem Kadri - Patriotes : 3 - Wiprows : 3.
3:32 of 2nd period - Christian Hanson wins face-off versus Linden Vey in neutral zone.
3:57 of 2nd period - Zenon Konopka is hit by Jesse Winchester and loses puck.
4:10 of 2nd period - Slapshot by Drayson Bowman.
4:10 of 2nd period - Stopped by Joey MacDonald with a rebound.
4:20 of 2nd period - Slapshot by Thomas Hickey.
4:20 of 2nd period - Stopped by Joey MacDonald without a rebound.
4:21 of 2nd period - Maxime Macenauer wins face-off versus Cory Emmerton in Patriotes zone.
4:36 of 2nd period - Snap shot by Matt Beleskey.
4:36 of 2nd period - Shot Misses the Net.
4:55 of 2nd period - Wrist shot by Lauri Tukonen.
4:55 of 2nd period - Stopped by Braden Holtby without a rebound.
4:56 of 2nd period - Zenon Konopka wins face-off versus Jesse Winchester in Wiprows zone.
5:27 of 2nd period - Slapshot by Matt Donovan.
5:27 of 2nd period - Shot Blocked by Brett Skinner.
5:29 of 2nd period - Slapshot by Nazem Kadri.
5:29 of 2nd period - Stopped by Joey MacDonald with a rebound.
5:31 of 2nd period - Slapshot by Matt Taormina.
5:31 of 2nd period - Shot Blocked by Brett Skinner.
6:13 of 2nd period - Snap shot by Brett Skinner.
6:13 of 2nd period - Shot Blocked by Alec Martinez.
6:15 of 2nd period - Snap shot by Jordan Samuels-Thomas.
6:15 of 2nd period - Stopped by Braden Holtby without a rebound.
6:16 of 2nd period - Jiri Tlusty wins face-off versus Zenon Konopka in Wiprows zone.
6:16 of 2nd period - Jiri Tlusty is hit by Zenon Konopka.
7:12 of 2nd period - Slapshot by Thomas Hickey.
7:12 of 2nd period - Stopped by Joey MacDonald without a rebound.
7:13 of 2nd period - Patrice Cormier wins face-off versus Nazem Kadri in Patriotes zone.
7:18 of 2nd period - Slapshot by Patrice Cormier.
7:18 of 2nd period - Stopped by Braden Holtby with a rebound.
7:41 of 2nd period - Snap shot by Tomas Kurka.
7:41 of 2nd period - Stopped by Braden Holtby with a rebound.
8:03 of 2nd period - Snap shot by Lauri Tukonen.
8:03 of 2nd period - Stopped by Braden Holtby without a rebound.
8:04 of 2nd period - Christian Hanson wins face-off versus Maxime Macenauer in Wiprows zone.
8:38 of 2nd period - Snap shot by T.J. Oshie.
8:38 of 2nd period - Stopped by Joey MacDonald with a rebound.
8:40 of 2nd period - Slapshot by Arturs Kulda.
8:40 of 2nd period - Shot Misses the Net.
8:42 of 2nd period - Slapshot by Arturs Kulda.
8:42 of 2nd period - Stopped by Joey MacDonald without a rebound.
8:43 of 2nd period - Nick Bonino wins face-off versus Cory Emmerton in Patriotes zone.
8:49 of 2nd period - Minor Penalty to Ryan Wilson for Tripping.
8:50 of 2nd period - Tomas Kurka wins face-off versus Nazem Kadri in Patriotes zone.
9:04 of 2nd period - Snap shot by Matt Donovan.
9:04 of 2nd period - Stopped by Joey MacDonald with a rebound.
9:06 of 2nd period - Slapshot by Matt Taormina.
9:06 of 2nd period - Stopped by Joey MacDonald with a rebound.
9:54 of 2nd period - Snap shot by Andrew Gordon.
9:54 of 2nd period - Goal by Andrew Gordon - Patriotes : 4 - Wiprows : 3.
9:55 of 2nd period - Nazem Kadri wins face-off versus Tomas Kurka in neutral zone.
10:20 of 2nd period - Brett Skinner is hit by Drayson Bowman and loses puck.
10:45 of 2nd period - Andrew Gordon is hit by Jiri Tlusty and loses puck.
10:49 of 2nd period - Penalty to Ryan Wilson is over, Ryan Wilson is back on ice.
10:56 of 2nd period - Wrist shot by Jonathan Tremblay.
10:56 of 2nd period - Deflect By Jesse Winchester.
10:56 of 2nd period - Shot Misses the Net.
10:56 of 2nd period - Puck is out of play.
10:57 of 2nd period - Jesse Winchester wins face-off versus Christian Hanson in Patriotes zone.
11:10 of 2nd period - Slapshot by Ryan Wilson.
11:10 of 2nd period - Shot Blocked by Jonathan Tremblay.
11:47 of 2nd period - Icing by Patrice Cormier.
11:48 of 2nd period - Nazem Kadri wins face-off versus Patrice Cormier in Patriotes zone.
12:57 of 2nd period - Slapshot by Patrice Cormier.
12:57 of 2nd period - Stopped by Braden Holtby with a rebound.
12:59 of 2nd period - Slapshot by Timothy Kunes.
12:59 of 2nd period - Stopped by Braden Holtby with a rebound.
13:05 of 2nd period - Slapshot by Timothy Kunes.
13:05 of 2nd period - Deflect By Jordan Samuels-Thomas.
13:05 of 2nd period - Stopped by Braden Holtby with a rebound.
13:13 of 2nd period - Wrist shot by Patrice Cormier.
13:13 of 2nd period - Shot Hit the Post.
13:15 of 2nd period - Slapshot by Patrice Cormier.
13:15 of 2nd period - Stopped by Braden Holtby with a rebound.
13:17 of 2nd period - Snap shot by Patrice Cormier.
13:17 of 2nd period - Shot Misses the Net.
13:19 of 2nd period - Slapshot by Timothy Kunes.
13:19 of 2nd period - Deflect By Patrice Cormier.
13:19 of 2nd period - Shot Blocked by Alec Martinez.
13:19 of 2nd period - Puck is out of play.
13:20 of 2nd period - Nick Bonino wins face-off versus Zenon Konopka in Wiprows zone.
13:22 of 2nd period - Major / Game Misconduct Penalty to Brandon Bollig for Unsportsmanlike conduct.
13:22 of 2nd period - Brandon Bollig is ejected from game.
13:23 of 2nd period - Jesse Winchester wins face-off versus Zenon Konopka in Wiprows zone.
13:39 of 2nd period - Matt Donovan is hit by Tomas Kurka and loses puck.
14:22 of 2nd period - Off-side.
14:23 of 2nd period - Maxime Macenauer wins face-off versus Cory Emmerton in neutral zone.
14:46 of 2nd period - Jesse Winchester is hit by Andreas Nodl and loses puck.
16:07 of 2nd period - Nick Bonino is hit by Christian Hanson and loses puck.
17:59 of 2nd period - Snap shot by Christian Hanson.
17:59 of 2nd period - Stopped by Braden Holtby with a rebound.
18:22 of 2nd period - Penalty to Brandon Bollig is over, Jordan Szwarz is send on ice.
18:31 of 2nd period - Slapshot by T.J. Oshie.
18:31 of 2nd period - Stopped by Joey MacDonald without a rebound.
18:32 of 2nd period - Nick Bonino wins face-off versus Patrice Cormier in Patriotes zone.
18:43 of 2nd period - Minor Penalty to Kevin Connauton for Roughing.
18:44 of 2nd period - Nick Bonino wins face-off versus Zenon Konopka in Wiprows zone.
Goals for this period are 2 for Patriotes vs 1 for Wiprows.
Shots for this period are 14 for Patriotes vs 14 for Wiprows.
3rd period
0:01 of 3rd period - Zenon Konopka wins face-off versus Nick Bonino in neutral zone.
0:08 of 3rd period - Slapshot by Brett Skinner.
0:08 of 3rd period - Shot Blocked by Arturs Kulda.
0:16 of 3rd period - Snap shot by Andreas Nodl.
0:16 of 3rd period - Stopped by Braden Holtby without a rebound.
0:17 of 3rd period - Cory Emmerton wins face-off versus Jesse Winchester in Wiprows zone.
0:21 of 3rd period - Slapshot by Brett Skinner.
0:21 of 3rd period - Shot Misses the Net.
0:25 of 3rd period - Wrist shot by Cory Emmerton.
0:25 of 3rd period - Shot Misses the Net.
0:27 of 3rd period - Wrist shot by Andrew Gordon.
0:27 of 3rd period - Stopped by Braden Holtby without a rebound.
0:28 of 3rd period - Zenon Konopka wins face-off versus Nick Bonino in Wiprows zone.
0:43 of 3rd period - Penalty to Kevin Connauton is over, Kevin Connauton is back on ice.
1:15 of 3rd period - Slapshot by Lauri Tukonen.
1:15 of 3rd period - Shot Blocked by Matt Taormina.
1:17 of 3rd period - Snap shot by Ryan Wilson.
1:17 of 3rd period - Stopped by Braden Holtby without a rebound.
1:18 of 3rd period - Nick Bonino wins face-off versus Zenon Konopka in Wiprows zone.
1:22 of 3rd period - Off-side.
1:23 of 3rd period - Zenon Konopka wins face-off versus Nick Bonino in neutral zone.
1:28 of 3rd period - Snap shot by Zenon Konopka.
1:28 of 3rd period - Shot Blocked by Nazem Kadri.
1:30 of 3rd period - Wrist shot by Andreas Nodl.
1:30 of 3rd period - Stopped by Braden Holtby without a rebound.
1:31 of 3rd period - Zenon Konopka wins face-off versus Nazem Kadri in Wiprows zone.
1:46 of 3rd period - Snap shot by Tomas Kurka.
1:46 of 3rd period - Stopped by Braden Holtby with a rebound.
1:52 of 3rd period - Minor Penalty to Matt Taormina for Holding.
1:53 of 3rd period - Nick Bonino wins face-off versus Zenon Konopka in Wiprows zone.
2:15 of 3rd period - Alec Martinez is hit by Zenon Konopka and loses puck.
3:45 of 3rd period - Slapshot by Joe Charlebois.
3:45 of 3rd period - Shot Blocked by Jonathan Tremblay.
3:52 of 3rd period - Penalty to Matt Taormina is over, Matt Taormina is back on ice.
3:59 of 3rd period - Snap shot by Liam Reddox.
3:59 of 3rd period - Deflect By Matt Taormina.
3:59 of 3rd period - Shot Misses the Net.
3:59 of 3rd period - Puck is out of play.
4:00 of 3rd period - Christian Hanson wins face-off versus Nazem Kadri in Wiprows zone.
4:16 of 3rd period - Minor Penalty to Arturs Kulda for Holding.
4:17 of 3rd period - Nick Bonino wins face-off versus Zenon Konopka in Wiprows zone.
4:27 of 3rd period - Wrist shot by Zenon Konopka.
4:27 of 3rd period - Goal by Zenon Konopka - Patriotes : 5 - Wiprows : 3.
4:28 of 3rd period - Nazem Kadri wins face-off versus Tomas Kurka in neutral zone.
4:53 of 3rd period - Cory Emmerton is hit by Nick Bonino.
5:24 of 3rd period - Slapshot by Matt Taormina.
5:24 of 3rd period - Deflect By Matt Beleskey.
5:24 of 3rd period - Shot Blocked by Joe Charlebois.
5:24 of 3rd period - Puck is out of play.
5:25 of 3rd period - Zenon Konopka wins face-off versus Nazem Kadri in Patriotes zone.
5:25 of 3rd period - Zenon Konopka is hit by Jiri Tlusty.
5:55 of 3rd period - Slapshot by A.J Thelen.
5:55 of 3rd period - Stopped by Braden Holtby without a rebound.
5:56 of 3rd period - Nick Bonino wins face-off versus Cory Emmerton in Wiprows zone.
6:46 of 3rd period - Brett Skinner is hit by Matt Donovan and loses puck.
7:26 of 3rd period - Sami Vatanen is hit by Jiri Tlusty.
8:18 of 3rd period - Andreas Nodl is hit by Drayson Bowman and loses puck.
8:59 of 3rd period - Patrice Cormier is hit by Matt Taormina and loses puck.
9:00 of 3rd period - Patrice Cormier from Patriotes is injured at 9:00 of 3rd period (Herniated Disc).
9:01 of 3rd period - Nazem Kadri wins face-off versus Zenon Konopka in Patriotes zone.
9:04 of 3rd period - Snap shot by Nazem Kadri.
9:04 of 3rd period - Shot Blocked by Tomas Kurka.
9:12 of 3rd period - Jiri Tlusty is hit by Brett Skinner and loses puck.
9:27 of 3rd period - Andrew Gordon is hit by Matt Donovan and loses puck.
9:50 of 3rd period - Slapshot by Brett Skinner.
9:50 of 3rd period - Stopped by Braden Holtby with a rebound.
9:52 of 3rd period - Wrist shot by Liam Reddox.
9:52 of 3rd period - Stopped by Braden Holtby without a rebound.
9:53 of 3rd period - Christian Hanson wins face-off versus Maxime Macenauer in Wiprows zone.
10:18 of 3rd period - Matt Beleskey is hit by Ryan Wilson and loses puck.
10:47 of 3rd period - Snap shot by Lauri Tukonen.
10:47 of 3rd period - Deflect By Christian Hanson.
10:47 of 3rd period - Shot Misses the Net.
10:47 of 3rd period - Puck is out of play.
10:48 of 3rd period - Zenon Konopka wins face-off versus Nazem Kadri in Wiprows zone.
11:13 of 3rd period - Mathieu Brodeur is hit by Drayson Bowman and loses puck.
11:48 of 3rd period - T.J. Oshie is hit by Andreas Nodl and loses puck.
12:17 of 3rd period - Alec Martinez is hit by Zack Stortini and loses puck.
12:28 of 3rd period - Arturs Kulda is hit by Tomas Kurka and loses puck.
13:01 of 3rd period - Minor Penalty to Brett Skinner for Roughing.
13:02 of 3rd period - Tomas Kurka wins face-off versus Nazem Kadri in Patriotes zone.
14:02 of 3rd period - Tomas Kurka is hit by Drayson Bowman.
15:01 of 3rd period - Penalty to Brett Skinner is over, Brett Skinner is back on ice.
15:07 of 3rd period - Snap shot by Zenon Konopka.
15:07 of 3rd period - Goal by Zenon Konopka - Patriotes : 6 - Wiprows : 3.
15:08 of 3rd period - Zenon Konopka wins face-off versus Jesse Winchester in neutral zone.
15:33 of 3rd period - Cory Emmerton is hit by Linden Vey.
15:45 of 3rd period - Joe Charlebois is hit by Matt Taormina and loses puck.
16:03 of 3rd period - Wrist shot by Zack Stortini.
16:03 of 3rd period - Goal by Zack Stortini - Patriotes : 7 - Wiprows : 3.
16:04 of 3rd period - Jesse Winchester wins face-off versus Zenon Konopka in neutral zone.
16:18 of 3rd period - Slapshot by Thomas Hickey.
16:18 of 3rd period - Stopped by Joey MacDonald without a rebound.
16:19 of 3rd period - Cory Emmerton wins face-off versus Nazem Kadri in Patriotes zone.
16:32 of 3rd period - Snap shot by Nazem Kadri.
16:32 of 3rd period - Stopped by Joey MacDonald without a rebound.
16:33 of 3rd period - Nick Bonino wins face-off versus Zenon Konopka in Patriotes zone.
16:40 of 3rd period - Slapshot by Matt Taormina.
16:40 of 3rd period - Stopped by Joey MacDonald without a rebound.
16:41 of 3rd period - Zenon Konopka wins face-off versus Nick Bonino in Patriotes zone.
16:51 of 3rd period - Snap shot by Nick Bonino.
16:51 of 3rd period - Shot Misses the Net.
17:34 of 3rd period - Zenon Konopka beats up Nazem Kadri.
17:34 of 3rd period - Penalty to Nazem Kadri for Fighting.
17:34 of 3rd period - Penalty to Zenon Konopka for Fighting.
17:35 of 3rd period - Jesse Winchester wins face-off versus Cory Emmerton in Wiprows zone.
17:39 of 3rd period - Icing by Jonathan Tremblay.
17:40 of 3rd period - Cory Emmerton wins face-off versus Drayson Bowman in Wiprows zone.
18:05 of 3rd period - Snap shot by Andreas Nodl.
18:05 of 3rd period - Stopped by Braden Holtby without a rebound.
18:06 of 3rd period - Nick Bonino wins face-off versus Christian Hanson in Wiprows zone.
18:27 of 3rd period - Slapshot by Thomas Hickey.
18:27 of 3rd period - Stopped by Joey MacDonald without a rebound.
18:28 of 3rd period - Cory Emmerton wins face-off versus Jesse Winchester in Patriotes zone.
19:14 of 3rd period - Off-side.
19:15 of 3rd period - Lauri Tukonen wins face-off versus Maxime Macenauer in neutral zone.
19:22 of 3rd period - Slapshot by Brett Skinner.
19:22 of 3rd period - Stopped by Braden Holtby with a rebound.
19:49 of 3rd period - Icing by Thomas Hickey.
19:50 of 3rd period - Nick Bonino wins face-off versus Cory Emmerton in Wiprows zone.
Goals for this period are 3 for Patriotes vs 0 for Wiprows.
Shots for this period are 13 for Patriotes vs 4 for Wiprows.
Output by the SimonT Hockey Simulator (STHS) for François Prévost -- Original Page W3C XHTML 1.0 Valid